 Dungeon Crawl Stone Soup version 0.25.0-9-g26727b657a (webtiles) character file.

Game seed: 5548365644516448764

518 Delamore the Cudgeler (level 7, -1/41 HPs)
             Began as a Gargoyle Fighter on June 21, 2020.
             Killed from afar by Blork the orc (11 damage)
             ... with a magic dart
             ... on level 4 of the Dungeon.
             The game lasted 00:04:02 (4158 turns).

Delamore the Cudgeler (Gargoyle Fighter)            Turns: 4158, Time: 00:04:03

Health: -1/41      AC: 13    Str: 21    XL:     7   Next: 21%
Magic:  7/7        EV:  7    Int:  9    God:
Gold:   110        SH:  9    Dex:  9    Spells: 6/6 levels left

rFire    . . .     SeeInvis .   k - +0 whip
rCold    . . .     Gourm    .   c - +0 kite shield
rNeg     + . .     Faith    .   b - +0 scale mail
rPois    ∞         Spirit   .   q - +0 helmet
rElec    +         Reflect  .   i - +0 cloak (curse)
rCorr    .         Harm     .   (no gloves)
MR       .....                  (no boots)
Stlth    ..........             (no amulet)
HPRegen  0.13/turn              (no ring)
MPRegen  0.10/turn              (no ring)

@: no status effects
A: negative energy resistance 1, electricity resistance, unbreathing,
petrification resistance, rot immunity, AC +4
a: no special abilities


You were on level 4 of the Dungeon.
You were near starving.

You visited 1 branch of the dungeon, and saw 4 of its levels.

You collected 110 gold pieces.

Inventory:

Hand Weapons
 a - a +0 flail
 k - a +0 whip (weapon)
Missiles
 j - 5 curare-tipped darts (quivered)
 t - 7 javelins
Armour
 b - a +0 scale mail (worn)
 c - a +0 kite shield (worn)
 i - a cursed +0 cloak (worn)
 q - a +0 helmet (worn)
Jewellery
 h - an uncursed amulet of magic regeneration {unknown}
Wands
 r - a wand of digging (5)
Scrolls
 e - 2 scrolls of identify {unknown}
 l - a scroll of teleportation {unknown}
 m - 3 scrolls of remove curse {unknown}
 o - 2 scrolls of enchant weapon {unknown}
 s - a scroll of blinking {unknown}
Potions
 d - 3 potions of might
 g - 2 potions of flight {unknown}
 n - a potion of lignification {unknown}
Comestibles
 f - 3 rations


   Skills:
 - Level 3.2 Fighting
 + Level 7.7 Maces & Flails
 - Level 3.2 Armour
 - Level 3.2 Shields


You had 6 spell levels left.
You didn't know any spells.
Your spell library was empty.

Dungeon Overview and Level Annotations

Branches:
Dungeon (4/15)
 Temple: D:4-7

Altars:
Fedhas
Makhleb
Nemelex Xobeh
Qazlal
Wu Jian
Xom

Shops:
D:4 [

Annotations:
D:3 Sigmund
D:4 2 transporters, Blork the orc; Robin; opiumtea's ghost, amateur DsNe


Innate Abilities, Weirdness & Mutations

You are resistant to torment.
Your stone body is resilient. (AC +4)
You are immune to poison.
You resist negative energy. (rN+)
You are resistant to electric shocks. (rElec)
You can survive without breathing.
You are immune to petrification.
You are immune to rotting.


Message History

You barely miss something.
You hear some strange, mumbled words.
A puff of flame appears from out of thin air!
The puff of flame hits you but does no damage.
The hound bites you but does no damage.
You closely miss something. Something hits you but does no damage.
You block the hound's attack.
You hit something. Something hits you. You block the hound's attack.
You completely miss something. The hound closely misses you.
Something hits you.
* * * LOW HITPOINT WARNING * * *
You barely miss something. The hound bites you but does no damage.
Something hits you.
* * * LOW HITPOINT WARNING * * *
The hound barely misses you.
You closely miss something.
You hear some strange, mumbled words.
A magic dart appears from out of thin air!
The magic dart hits you!
You die...

. ... #####
.....#{..#########
.......@.$........
.....#h..#.######
... #...#..#
######### .
.⌠.⌠.##.# #...#...#
....∩..##.# ...#...#
#.##⌠.⌠.##.# #.#...#
#
##...##.#####.....##
#...##...##..#.....
###.##..#.....


You could see a hound.

Vanquished Creatures
  A scorpion (D:4)
  An orc priest (D:4)
  A hound (D:4)
  A centaur skeleton (D:4)
  Jessica (D:2)
  Ijyb (D:3)
  Natasha (thrice) (D:4)
  3 orc wizards (D:4)
  A worker ant (D:4)
  2 hound skeletons
  2 adders
  An adder skeleton (D:4)
  A worm (D:3)
  2 dart slugs (D:1)
  15 orcs
  4 bats
  3 giant cockroaches
  10 goblins
  9 hobgoblins
  7 kobolds
  A quokka (D:4)
  A ball python (D:2)
  2 frilled lizards
  6 rats
79 creatures vanquished.

Vanquished Creatures (others)
  An orc wizard (D:4)
1 creature vanquished.

Grand Total: 80 creatures vanquished

Notes
Turn   | Place    | Note
-------+----------+-------------------------------------------
     0 | D:1      | Delamore the Gargoyle Fighter began the quest for the Orb.
     0 | D:1      | Reached XP level 1. HP: 14/14 MP: 1/1
   238 | D:1      | Reached XP level 2. HP: 17/19 MP: 2/2
   659 | D:1      | Reached skill level 3 in Maces & Flails
  1086 | D:2      | Reached XP level 3. HP: 21/23 MP: 3/3
  1316 | D:2      | Found an ornate altar of the Wu Jian Council.
  1317 | D:2      | Found a burning altar of Makhleb.
  1501 | D:2      | Found a sparkling altar of Nemelex Xobeh.
  1501 | D:2      | Noticed Jessica
  1511 | D:2      | Killed Jessica
  1511 | D:2      | Reached skill level 4 in Maces & Flails
  1511 | D:2      | Reached XP level 4. HP: 25/28 MP: 4/4
  1937 | D:3      | Found a shimmering altar of Xom.
  2080 | D:3      | Noticed Ijyb
  2092 | D:3      | Killed Ijyb
  2151 | D:3      | Reached skill level 5 in Maces & Flails
  2151 | D:3      | Reached XP level 5. HP: 32/32 MP: 5/5
  2233 | D:3      | Found a sparkling altar of Nemelex Xobeh.
  2246 | D:3      | Noticed Sigmund
  3117 | D:4      | Reached skill level 6 in Maces & Flails
  3125 | D:4      | Found a transporter.
  3144 | D:4      | Reached XP level 6. HP: 28/37 MP: 6/6
  3171 | D:4      | Noticed Natasha
  3188 | D:4      | Killed Natasha
  3403 | D:4      | Noticed Natasha
  3415 | D:4      | Killed Natasha
  3415 | D:4      | Reached skill level 7 in Maces & Flails
  3600 | D:4      | Found a transporter.
  3682 | D:4      | Noticed opiumtea's ghost (amateur DsNe)
  3692 | D:4      | Noticed Natasha
  3693 | D:4      | Noticed Robin
  3797 | D:4      | Reached XP level 7. HP: 25/41 MP: 7/7
  3825 | D:4      | Killed Natasha
  4017 | D:4      | Found a stormy altar of Qazlal.
  4085 | D:4      | Found a blossoming altar of Fedhas.
  4123 | D:4      | Found Piqudgh's Armour Shoppe.
  4125 | D:4      | Noticed Blork the orc
  4158 | D:4      | Killed from afar by Blork the orc

Illustrated notes

Levels and vault maps discovered:
D:1:      lordsloth_arrival_two_stooges, layout_basic, st_stairs_8
D:2:      layout_loops_corners, chequers_temple_overflow_statue_of_worship,
          nemelex_lonely_heart_becter
D:3:      layout_basic, overflow_temple_1_default, overflow_temple_1_default,
          uniq_sigmund, uniq_ijyb
D:4:      layout_rooms, kennysheep_mini_moat, kennysheep_mini, tgw_sif,
          gammafunk_ghost_stat_death, serial_shops, shop_fountains,
          uniq_natasha, uniq_robin, uniq_blork_the_orc

Skill      XL: |  1  2  3  4  5  6 |
---------------+-------------------+-----
Maces & Flails | 3 4 5 6 7 |  7.7
Fighting       | |  3.2
Armour         | |  3.2
Shields        | |  3.2

Action                   |  1- 3 |  4- 6 |  7- 9 || total
-------------------------+-------+-------+-------++-------
Melee: Flail             |    43 |       |       ||    43
       Whip              |    92 |   320 |    56 ||   468
Throw: Dart              |       |     3 |     1 ||     4
  Eat: Chunk             |     2 |     7 |       ||     9
Armor: Scale mail        |    69 |   167 |    31 ||   267
Dodge: Dodged            |    29 |    85 |    16 ||   130
Block: Kite shield       |    82 |   124 |    28 ||   234
